 Dungeon Crawl Stone Soup version 0.21.1-1-g345015f (webtiles) character file.

56 kae the Fighter (level 3, -9/44 HPs)
             Began as a Gnoll Wanderer on June 1, 2018.
             Was an Initiate of Makhleb.
             Mangled by Crazy Yiuf
             ... wielding a +3 quarterstaff of chaos
              (14 damage)
             ... on level 2 of the Dungeon.
             The game lasted 00:01:24 (1143 turns).

kae the Fighter (Gnoll Wanderer)                    Turns: 1143, Time: 00:01:25

Health: -9/44      AC:  2    Str: 14    XL:     3   Next: 97%
Magic:  4/4        EV: 13    Int: 13    God:    Makhleb [......]
Gold:   106        SH:  0    Dex: 16    Spells: 4/4 levels left

rFire    . . .     SeeInvis .   a - +2 spear
rCold    . . .     Gourm    .   (no shield)
rNeg     . . .     Faith    .   d - +0 robe
rPois    .         Spirit   .   (no helmet)
rElec    .         Reflect  .   (no cloak)
rCorr    .         Harm     .   (no gloves)
MR       .....                  (no boots)
Stlth    ++........             (no amulet)
HPRegen  0.14/turn              (no ring)
MPRegen  0.09/turn              (no ring)

@: lethally poisoned (-9 -> -12)
A: distributed training, fangs 1, strong nose
a: Renounce Religion


You were on level 2 of the Dungeon.
You worshipped Makhleb.
Makhleb was noncommittal.
You were hungry.

You visited 1 branch of the dungeon, and saw 2 of its levels.

You collected 106 gold pieces.

Inventory:

Hand Weapons
 a - a +2 spear (weapon)
Armour
 d - a +0 robe (worn)
Jewellery
 i - an uncursed ring of ice {unknown}
Scrolls
 c - 3 scrolls of teleportation
 g - a scroll of identify {unknown}
 j - 2 scrolls of enchant weapon {unknown}
 k - a scroll of immolation {unknown}
 m - a scroll of remove curse {unknown}
Potions
 b - a potion of lignification
 e - 2 potions of agility {unknown}
 h - a potion of curing {unknown}
 l - a potion of degeneration {unknown}
Comestibles
 f - 5 rations


   Skills:
 + Level 12.0 Fighting
 + Level 1.0 Short Blades
 + Level 1.0 Long Blades
 + Level 1.0 Axes
 + Level 1.0 Maces & Flails
 + Level 1.0 Polearms
 + Level 1.0 Staves
 + Level 1.0 Slings
 + Level 1.0 Bows
 + Level 1.0 Crossbows
 + Level 2.6 Throwing
 + Level 2.6 Armour
 + Level 2.6 Dodging
 + Level 1.0 Stealth
 + Level 2.6 Shields
 + Level 1.0 Unarmed Combat
 + Level 1.0 Spellcasting
 + Level 0.7 Conjurations
 + Level 0.7 Hexes
 + Level 0.7 Charms
 + Level 0.7 Summonings
 + Level 0.7 Necromancy
 + Level 0.7 Translocations
 + Level 0.7 Transmutations
 + Level 0.7 Fire Magic
 + Level 0.7 Ice Magic
 + Level 0.7 Air Magic
 + Level 0.7 Earth Magic
 + Level 0.7 Poison Magic
 + Level 1.0 Invocations
 + Level 1.0 Evocations


You had 4 spell levels left.
You didn't know any spells.

Dungeon Overview and Level Annotations

Branches:
Dungeon (2/15)

Altars:
Fedhas
Gozag
Kikubaaqudgha
Makhleb
Yredelemnul
Zin
The Shining One

Annotations:
D:2 Crazy Yiuf


Innate Abilities, Weirdness & Mutations

Your experience applies equally to all skills.
You have very sharp teeth.
Your uncanny sense of smell can sniff out nearby items.


Message History

Crazy Yiuf is heavily wounded.
You feel sick.
Crazy Yiuf hits you with a quarterstaff of chaos!
You are too injured to fight recklessly!
You are too injured to fight recklessly!
You barely miss Crazy Yiuf. Your bite misses Crazy Yiuf.
Crazy Yiuf is heavily wounded.
You feel sick. Crazy Yiuf hits you but does no damage.
You hit Crazy Yiuf.
Crazy Yiuf is severely wounded.
Crazy Yiuf zaps a wand.
The puff of flame hits you!
* * * LOW HITPOINT WARNING * * *
It is a wand of flame (15).
You hit Crazy Yiuf.
Crazy Yiuf is almost dead.
You feel sick. Crazy Yiuf barely misses you.
You completely miss Crazy Yiuf. You bite Crazy Yiuf, but do no damage.
Crazy Yiuf is almost dead.
Crazy Yiuf hits you with a quarterstaff of chaos!
You die...

#.#.# #.#
#.##...........####.
#...# #.#
#.##.......÷.....##.
###.####.###
#.##.########....###
#..).......# ######
#####....# #
#.#.###...##
#........# #
#.####....# #####
#........# # #.#
#....# #)..#
#........# #
#.####..#### #.g.#
#....##### #
#..........# #.@.#
#....# #
######.÷...# ##'##
#....# #
.).......(.# ♣.♣♣
###### ##
....####...# ♣♣.♣ #.
....# #...# ♣.♣♣ #.
....####<..# ♣♣.♣ #.
....#...(..# ♣♣.♣♣
#. ....#......#
♣♣...♣ #.
....#...).## ♣....♣
#.


You could see Crazy Yiuf.

Vanquished Creatures
  2 oozes
  A worm (D:2)
  A dart slug (D:2)
  2 leopard geckos
  A ball python (D:2)
  3 giant cockroaches
  3 goblins
  4 hobgoblins
  6 jackals
  7 bats
  2 frilled lizards (D:2)
  4 kobolds
  2 rats
38 creatures vanquished.

Notes
Turn   | Place    | Note
-------+----------+-------------------------------------------
     0 | D:1      | Reached skill level 12 in Fighting
     0 | D:1      | kae the Gnoll Wanderer began the quest for the Orb.
     0 | D:1      | kae set off with: a +2 spear, a potion of lignification, a scroll of teleportation, a +0 robe, a ration
     0 | D:1      | Reached XP level 1. HP: 31/31 MP: 1/1
   171 | D:1      | Reached XP level 2. HP: 38/38 MP: 2/2
   472 | D:2      | Reached XP level 3. HP: 43/44 MP: 3/3
   633 | D:2      | Found a burning altar of Makhleb.
   634 | D:2      | Found an opulent altar of Gozag.
   647 | D:2      | Found a glowing silver altar of Zin.
   649 | D:2      | Became a worshipper of Makhleb the Destroyer
   656 | D:2      | Reached skill level 1 in Invocations
   667 | D:2      | Found a blossoming altar of Fedhas.
   667 | D:2      | Found a basalt altar of Yredelemnul.
   668 | D:2      | Found an ancient bone altar of Kikubaaqudgha.
   670 | D:2      | Found a glowing golden altar of the Shining One.
   804 | D:2      | Reached skill level 1 in Short Blades
   804 | D:2      | Reached skill level 1 in Long Blades
   804 | D:2      | Reached skill level 1 in Axes
   804 | D:2      | Reached skill level 1 in Maces & Flails
   804 | D:2      | Reached skill level 1 in Polearms
   804 | D:2      | Reached skill level 1 in Staves
   804 | D:2      | Reached skill level 1 in Slings
   804 | D:2      | Reached skill level 1 in Bows
   804 | D:2      | Reached skill level 1 in Crossbows
   804 | D:2      | Reached skill level 1 in Stealth
   804 | D:2      | Reached skill level 1 in Unarmed Combat
   804 | D:2      | Reached skill level 1 in Spellcasting
   804 | D:2      | Reached skill level 1 in Evocations
   989 | D:2      | Found a runed door.
  1134 | D:2      | Noticed Crazy Yiuf
  1143 | D:2      | Mangled by Crazy Yiuf

Skill      XL: |  1  2  3 |
---------------+----------+-----
Fighting       | | 12.0
Invocations    | 1 |  1.0
Short Blades   | 1 |  1.0
Long Blades    | 1 |  1.0
Axes           | 1 |  1.0
Maces & Flails | 1 |  1.0
Polearms       | 1 |  1.0
Staves         | 1 |  1.0
Slings         | 1 |  1.0
Bows           | 1 |  1.0
Crossbows      | 1 |  1.0
Stealth        | 1 |  1.0
Unarmed Combat | 1 |  1.0
Spellcasting   | 1 |  1.0
Evocations     | 1 |  1.0
Throwing       | |  2.6
Armour         | |  2.6
Dodging        | |  2.6
Shields        | |  2.6
Conjurations   | |  0.7
Hexes          | |  0.7
Charms         | |  0.7
Summonings     | |  0.7
Necromancy     | |  0.7
Translocations | |  0.7
Transmutations | |  0.7
Fire Magic     | |  0.7
Ice Magic      | |  0.7
Air Magic      | |  0.7
Earth Magic    | |  0.7
Poison Magic   | |  0.7

Action                   || total
-------------------------++-------
Melee: Spear             ||    99
       Bite              ||     7
 Stab: Sleeping          ||     8
Armor: Robe              ||     8
Dodge: Dodged            ||    55
